 Dungeon Crawl Stone Soup version 0.21.1-1-g345015f (webtiles) character file.

805 vatarom the Cudgeler (level 7, 0/53 HPs)
             Began as a Gnoll Wanderer on May 25, 2018.
             Slain by a hippogriff (3 damage)
             ... on level 6 of the Dungeon.
             The game lasted 00:10:51 (6091 turns).

vatarom the Cudgeler (Gnoll Wanderer)               Turns: 6091, Time: 00:10:52

Health: 0/53       AC:  5    Str: 15      XL:     7   Next: 91%
Magic:  13/13      EV: 13    Int: 14 (15) God:
Gold:   264        SH:  0    Dex: 15      Spells: 8/14 levels left

rFire    . . .     SeeInvis .   q - +0 flail
rCold    . . .     Gourm    .   (no shield)
rNeg     . . .     Faith    .   r - +0 leather armour
rPois    .         Spirit   .   d - +0 helmet
rElec    .         Reflect  .   k - +0 cloak
rCorr    .         Harm     .   (no gloves)
MR       .....                  (no boots)
Stlth    ++........             (no amulet)
HPRegen  0.17/turn              (no ring)
MPRegen  0.13/turn              (no ring)

@: about to teleport
A: distributed training, fangs 1, strong nose
a: no special abilities


You were on level 6 of the Dungeon.
You were not hungry.

You visited 1 branch of the dungeon, and saw 7 of its levels.

You collected 264 gold pieces.

Inventory:

Hand Weapons
 q - a +0 flail (weapon)
Missiles
 e - 7 tomahawks (quivered)
Armour
 d - a +0 helmet (worn)
 k - a +0 cloak (worn)
 r - a +0 leather armour (worn)
Jewellery
 h - a +3 ring of evasion
Scrolls
 b - a scroll of noise {unknown}
 g - 2 scrolls of remove curse
 i - 2 scrolls of identify
 j - a scroll of magic mapping {unknown}
 l - 2 scrolls of enchant weapon {unknown}
 n - 2 scrolls of fog {unknown}
 o - a scroll of blinking {unknown}
Books
 a - a book of Minor Magic

   Spells                             Type                      Level
   a - Magic Dart                     Conjuration                  1
   b - Blink                          Translocation                2
   c - Call Imp                       Summoning                    2
   d - Slow                           Hexes                        2
   e - Conjure Flame                  Conjuration/Fire             3
   f - Mephitic Cloud                 Conjuration/Poison/Air       3
 c - Adeuwn's Compendium of the Birds

   Spells                             Type                      Level
   a - Shock                          Conjuration/Air              1
   b - Mephitic Cloud                 Conjuration/Poison/Air       3
Comestibles
 f - 4 rations
 p - 2 chunks of flesh


   Skills:
 + Level 3.8 Fighting
 + Level 2.7 Short Blades
 + Level 2.7 Long Blades
 + Level 2.7 Axes
 + Level 7.1 Maces & Flails
 + Level 2.7 Polearms
 + Level 2.7 Staves
 + Level 2.7 Slings
 + Level 2.7 Bows
 + Level 2.7 Crossbows
 + Level 2.7 Throwing
 + Level 3.8 Armour
 + Level 2.7 Dodging
 + Level 3.6 Stealth
 + Level 3.8 Shields
 + Level 2.7 Unarmed Combat
 + Level 4.0 Spellcasting
 + Level 3.1 Conjurations
 + Level 2.2 Hexes
 + Level 2.2 Charms
 + Level 2.2 Summonings
 + Level 2.2 Necromancy
 + Level 2.2 Translocations
 + Level 2.2 Transmutations
 + Level 2.2 Fire Magic
 + Level 2.2 Ice Magic
 + Level 3.1 Air Magic
 + Level 2.2 Earth Magic
 + Level 2.2 Poison Magic
 + Level 3.0 Invocations
 + Level 2.7 Evocations


You had 8 spell levels left.
You knew the following spells:

 Your Spells              Type           Power        Failure   Level  Hunger
a - Magic Dart            Conj           ##..         7%          1    None
b - Shock                 Conj/Air       ##..         7%          1    None
c - Call Imp              Summ           #.......     14%         2    ##.....
B - Blink                 Tloc           N/A          14%         2    ##.....


Dungeon Overview and Level Annotations

Branches:
Dungeon (7/15)
 Temple: D:4-7

Altars:
Cheibriados
Gozag

Shops:
D:6 *

Annotations:
D:4 olivier's ghost, amateur DrBe


Innate Abilities, Weirdness & Mutations

Your experience applies equally to all skills.
You have very sharp teeth.
Your uncanny sense of smell can sniff out nearby items.


Message History

* * * LOW HITPOINT WARNING * * *
The hippogriff barely misses you.
You climb upwards.
There is a stone staircase leading down here.
None of your equipped items are cursed.
As you read the scroll of teleportation, it crumbles to dust.
You feel strangely unstable. The orc misses you.
The hippogriff bites you but does no damage.
The hippogriff pecks you.
* * * LOW HITPOINT WARNING * * *
The hippogriff barely misses you.
Unknown command.
You hit the hippogriff. Your bite misses the hippogriff.
The hippogriff is lightly wounded.
The orc hits you with a dagger of speed.
* * * LOW HITPOINT WARNING * * *
The hippogriff barely misses you. The hippogriff pecks you.
* * * LOW HITPOINT WARNING * * *
The hippogriff claws you.
You die...

....######'#.# #.########.#.....
....##.......# #.# #.#.#...
....##.......# #.#### ###.....
....##.......# #....# #..#..
##########'#.# #....# #..###
#####.#.####....# #..#..
#...............# #..#.#
#.###.#.#####...#######..#..
#.........H@o............#..
##########..#################.#.#
......................(.......#..
###############################..
##..........................
####....[...##################.
#...........####### #.
#.................# #.
#.....#####.......# #########.


You could see a hippogriff and an orc.

Vanquished Creatures
  Grinder (D:6)
  2 bullfrogs (D:6)
  A scorpion (D:5)
  A hound (D:5)
  An orc wizard (D:6)
  3 worker ants
  A howler monkey zombie (D:6)
  3 gnolls (D:6)
  6 adders
  3 worms
  3 dart slugs
  2 leopard geckos (D:5)
  An orc (D:6)
  A ball python (D:3)
  3 giant cockroaches
  6 goblins
  7 hobgoblins
  10 kobolds
  2 quokkas
  8 bats
  4 frilled lizards
  A quokka zombie (D:5)
  9 rats
79 creatures vanquished.

Vanquished Creatures (collateral kills)
  Sigmund (D:6)
  A gnoll (D:6)
  A howler monkey skeleton (D:6)
  A frilled lizard (D:3)
4 creatures vanquished.

Grand Total: 83 creatures vanquished

Notes
Turn   | Place    | Note
-------+----------+-------------------------------------------
     0 | D:1      | vatarom the Gnoll Wanderer began the quest for the Orb.
     0 | D:1      | vatarom set off with: a book of Minor Magic, a +0 hand axe, Adeuwn's Compendium of the Birds, a +0 robe, a ration
     0 | D:1      | Reached XP level 1. HP: 17/17 MP: 4/4
     9 | D:1      | Identified Adeuwn's Compendium of the Birds
    11 | D:1      | Learned a level 1 spell: Magic Dart
    13 | D:1      | Learned a level 1 spell: Shock
   159 | D:1      | Reached XP level 2. HP: 21/23 MP: 5/5
   480 | D:1      | Reached XP level 3. HP: 28/28 MP: 7/7
   977 | D:2      | Reached skill level 1 in Invocations
  1439 | D:2      | Reached skill level 1 in Short Blades
  1439 | D:2      | Reached skill level 1 in Long Blades
  1439 | D:2      | Reached skill level 1 in Axes
  1439 | D:2      | Reached skill level 1 in Polearms
  1439 | D:2      | Reached skill level 1 in Staves
  1439 | D:2      | Reached skill level 1 in Slings
  1439 | D:2      | Reached skill level 1 in Bows
  1439 | D:2      | Reached skill level 1 in Crossbows
  1439 | D:2      | Reached skill level 1 in Throwing
  1439 | D:2      | Reached skill level 1 in Dodging
  1439 | D:2      | Reached skill level 1 in Unarmed Combat
  1439 | D:2      | Reached skill level 1 in Evocations
  1533 | D:2      | Reached XP level 4. HP: 34/34 MP: 8/8
  1631 | D:2      | Found an opulent altar of Gozag.
  1826 | D:2      | Learned a level 2 spell: Blink
  2160 | D:3      | Reached skill level 1 in Hexes
  2160 | D:3      | Reached skill level 1 in Charms
  2160 | D:3      | Reached skill level 1 in Summonings
  2160 | D:3      | Reached skill level 1 in Necromancy
  2160 | D:3      | Reached skill level 1 in Translocations
  2160 | D:3      | Reached skill level 1 in Transmutations
  2160 | D:3      | Reached skill level 1 in Fire Magic
  2160 | D:3      | Reached skill level 1 in Ice Magic
  2160 | D:3      | Reached skill level 1 in Earth Magic
  2160 | D:3      | Reached skill level 1 in Poison Magic
  2302 | D:3      | Learned a level 2 spell: Call Imp
  2708 | D:3      | Reached XP level 5. HP: 40/40 MP: 9/9
  3008 | D:4      | Noticed olivier's ghost (amateur DrBe)
  3294 | D:5      | Entered Level 5 of the Dungeon
  3340 | D:5      | HP: 2/41 [poisoned by a worker ant]
  3348 | D:5      | HP: 1/41 [poisoned by a worker ant]
  3819 | D:5      | Reached XP level 6. HP: 31/47 MP: 9/11
  4898 | D:6      | Noticed Grinder
  4916 | D:6      | Killed Grinder
  4916 | D:6      | Reached XP level 7. HP: 14/52 MP: 12/12
  5055 | D:6      | HP: 2/52 [bullfrog (1)]
  5067 | D:6      | Reached skill level 7 in Maces & Flails
  5344 | D:6      | Noticed Sigmund
  5357 | D:6      | Killed Sigmund
  5398 | D:6      | Found a snail-covered altar of Cheibriados.
  5879 | D:6      | Found Ebrokkirr's General Store.
  6081 | D:7      | Noticed a hippogriff
  6091 | D:6      | Slain by a hippogriff

Skill      XL: |  1  2  3  4  5  6  7 |
---------------+----------------------+-----
Conjurations   | 2 3 |  3.1
Air Magic      | 2 3 |  3.1
Invocations    | 1 2 3 |  3.0
Short Blades   | 1 2 |  2.7
Long Blades    | 1 2 |  2.7
Axes           | 1 2 |  2.7
Polearms       | 1 2 |  2.7
Staves         | 1 2 |  2.7
Slings         | 1 2 |  2.7
Bows           | 1 2 |  2.7
Crossbows      | 1 2 |  2.7
Throwing       | 1 2 |  2.7
Dodging        | 1 2 |  2.7
Unarmed Combat | 1 2 |  2.7
Evocations     | 1 2 |  2.7
Spellcasting   | 3 4 |  4.0
Hexes          | 1 2 |  2.2
Charms         | 1 2 |  2.2
Summonings     | 1 2 |  2.2
Necromancy     | 1 2 |  2.2
Translocations | 1 2 |  2.2
Transmutations | 1 2 |  2.2
Fire Magic     | 1 2 |  2.2
Ice Magic      | 1 2 |  2.2
Earth Magic    | 1 2 |  2.2
Poison Magic   | 1 2 |  2.2
Fighting       | 3 |  3.8
Armour         | 3 |  3.8
Shields        | 3 |  3.8
Stealth        | 3 |  3.6
Maces & Flails | 7 |  7.1

Action                   |  1- 3 |  4- 6 |  7- 9 || total
-------------------------+-------+-------+-------++-------
Melee: Hand axe          |    35 |       |       ||    35
       Bite              |    11 |    17 |    10 ||    38
       Mace              |    69 |    45 |       ||   114
       Flail             |       |   103 |    73 ||   176
       Punch             |       |     1 |     1 ||     2
Throw: Tomahawk          |     7 |     2 |       ||     9
 Cast: Magic Dart        |       |     2 |       ||     2
       Call Imp          |       |     2 |    12 ||    14
       Shock             |       |     1 |       ||     1
  Use: Scroll            |     2 |     4 |     2 ||     8
       Potion            |       |     4 |     2 ||     6
 Stab: Sleeping          |     6 |     5 |       ||    11
  Eat: Chunk             |     2 |     3 |       ||     5
       Ration            |       |     4 |       ||     4
Armor: Robe              |    20 |    10 |       ||    30
       Chain mail        |       |     1 |       ||     1
       Leather armour    |       |    17 |    19 ||    36
Dodge: Dodged            |    83 |   115 |    51 ||   249
